 Dungeon Crawl Stone Soup version 0.23.2-1-ga50397a6bc (webtiles) character file.

Game seed: 4225811244177298963

1698 Marnok the Poker (level 8, -1/78 HPs)
             Began as a Troll Fighter on Apr 23, 2019.
             Was an Initiate of Wu Jian.
             Slain by a gnoll shaman
             ... wielding a +0 club
              (3 damage)
             ... on level 5 of the Dungeon.
             The game lasted 00:15:59 (4959 turns).

Marnok the Poker (Troll Fighter)                    Turns: 4959, Time: 00:16:00

Health: -1/78      AC:  7    Str: 28    XL:     8   Next: 72%
Magic:  7/7        EV: 10    Int:  4    God:    Wu Jian [......]
Gold:   261        SH: 10    Dex: 10    Spells: 7/7 levels left

rFire    . . .     SeeInvis .   a - +0 trident
rCold    . . .     Gourm    +   c - +0 shield
rNeg     . . .     Faith    .   q - +1 animal skin
rPois    .         Spirit   .   (helmet restricted)
rElec    .         Reflect  .   (no cloak)
rCorr    .         Harm     .   (gloves unavailable)
MR       .....                  (boots unavailable)
Stlth    +.........             (no amulet)
HPRegen  0.63/turn              i - +2 ring of strength
MPRegen  0.10/turn              r - ring of stealth

@: slowed, glowing, very slow
A: large, unfitting armour, claws 3, fast metabolism 3, gourmand, regeneration
1, shaggy fur 1, tough skin 3
a: Renounce Religion


You were on level 5 of the Dungeon.
You worshipped Wu Jian.
Wu Jian was noncommittal.
You were not hungry.

You visited 2 branches of the dungeon, and saw 7 of its levels.

You collected 261 gold pieces.

Inventory:

Hand Weapons
 a - a +0 trident (weapon)
Armour
 c - a +0 shield (worn)
 q - a +1 animal skin (worn)
Jewellery
 e - an uncursed ring of flight {unknown}
 i - a +2 ring of strength (left claw)
 r - a ring of stealth (right claw)
Wands
 h - a wand of disintegration (14)
 p - a wand of random effects (19)
Scrolls
 b - 2 scrolls of identify
 g - 6 scrolls of remove curse
 j - a scroll of amnesia {unknown}
 k - a scroll of fog
 l - 4 scrolls of enchant weapon
 n - 2 scrolls of magic mapping
 o - 2 scrolls of noise {unknown}
Potions
 d - a potion of cancellation
Comestibles
 f - 9 rations


   Skills:
 + Level 3.8 Fighting
 + Level 5.9 Polearms
 + Level 5.1 Dodging
 + Level 1.0 Stealth
 + Level 5.2 Shields


You had 7 spell levels left.
You didn't know any spells.
Your spell library was empty.

Dungeon Overview and Level Annotations

Branches:
Dungeon (6/15)             Temple (1/1) D:6

Altars:
Ashenzari
Cheibriados
Dithmenos
Gozag
Hepliaklqana
Kikubaaqudgha
Makhleb
Qazlal
Ru
Sif Muna
Trog
Uskayaw
Vehumet
Wu Jian
Xom
Yredelemnul
Zin
The Shining One

Shops:
D:4 (

Annotations:
D:5 Pikel


Innate Abilities, Weirdness & Mutations

You are too large for most types of armour.
You have claws for hands.
Your metabolism is lightning-fast.
You like to eat raw meat.
Your natural rate of healing is unusually fast.
You are covered in fur. (AC +1)
You have extremely tough skin. (AC +3)


Message History

The orc wizard is almost dead.
You block the orc wizard's attack.
The orc hits you from afar with a +0 spear.
* * * LOW HITPOINT WARNING * * *
The gnoll shaman hits you with a +0 club!
* * * LOW HITPOINT WARNING * * *
You closely miss the orc wizard.
The orc wizard is almost dead.
The orc wizard points at you and mumbles some strange words.
The magic dart hits you but does no damage.
You block the orc's attack. The gnoll shaman closely misses you.
You block the orc wizard's attack. The orc hits you but does no damage.
You block the gnoll shaman's attack.
You closely miss the orc wizard.
The orc wizard is almost dead.
The orc wizard hits you but does no damage.
The orc hits you from afar with a +0 spear.
* * * LOW HITPOINT WARNING * * *
The gnoll shaman hits you with a +0 club.
You die...

########### #ยง........#
#.#######.########
#o#..............#
#########.#.#####.######.#
.o......^.#.# #.# #.#
#.#.........# #.# #.#
#.######..#######o# ##.##
#.# #.....)og@.# ##...##
#.## #.##########
#.###.### ...# #.# #.#
#..(# #..#####.##
#.###.#.# #..p.o).<.#
##...##.# ...#####..#
######.# ##.# #..# #.# #.#
#.o# #.# #.# #o.# #<#


You could see a gnoll shaman, an orc wizard and an orc.

Vanquished Creatures
  Sigmund (D:4)
  Eustachio (D:5)
  Menkaure (D:4)
  A phantom (D:6)
  2 centaurs (D:6)
  4 bullfrogs
  4 scorpions
  A howler monkey (D:4)
  A crimson imp (D:4)
  A jelly (D:6)
  2 orc priests
  2 hounds
  A bullfrog skeleton (D:6)
  Jessica (D:3)
  2 worker ants
  A hound skeleton (D:5)
  Robin (D:3)
  A gnoll (D:5)
  7 adders
  A howler monkey skeleton (D:5)
  An ooze (D:5)
  An adder skeleton (D:4)
  3 worms
  A dart slug (D:1)
  3 leopard geckos
  14 orcs
  7 bats
  7 giant cockroaches
  11 hobgoblins
  7 jackals
  21 kobolds
  A quokka (D:5)
  6 frilled lizards
  9 goblins
  5 rats
133 creatures vanquished.

Vanquished Creatures (others)
  A plant (D:1)
1 creature vanquished.

Grand Total: 134 creatures vanquished

Notes
Turn   | Place    | Note
-------+----------+-------------------------------------------
     0 | D:1      | Marnok the Troll Fighter began the quest for the Orb.
     0 | D:1      | Reached XP level 1. HP: 22/22 MP: 0/0
   388 | D:1      | Reached XP level 2. HP: 29/29 MP: 1/1
   963 | D:2      | Found an opulent altar of Gozag.
  1086 | D:2      | Reached XP level 3. HP: 22/36 MP: 2/2
  1335 | D:2      | Reached XP level 4. HP: 38/44 MP: 3/3
  1894 | D:3      | Noticed Jessica
  1915 | D:3      | Killed Jessica
  2020 | D:3      | Noticed a +0 dagger
  2021 | D:3      | Found a hide-covered altar of Uskayaw.
  2021 | D:3      | Noticed a +0 dagger
  2143 | D:3      | Reached XP level 5. HP: 39/50 MP: 4/4
  2348 | D:3      | Noticed Robin
  2417 | D:3      | Killed Robin
  3005 | D:4      | Found a glowing silver altar of Zin.
  3008 | D:4      | Noticed an angel
  3105 | D:4      | Noticed Sigmund
  3118 | D:4      | Killed Sigmund
  3118 | D:4      | Reached XP level 6. HP: 39/59 MP: 5/5
  3155 | D:4      | Found a shimmering altar of Xom.
  3221 | D:4      | Reached XP level 7. HP: 65/66 MP: 6/6
  3375 | D:4      | Found a burning altar of Makhleb.
  3376 | D:4      | Found a radiant altar of Vehumet.
  3456 | D:4      | Found Piampy's Antique Weapon Emporium.
  3508 | D:4      | Noticed Menkaure
  3518 | D:4      | Killed Menkaure
  3687 | D:5      | Entered Level 5 of the Dungeon
  3824 | D:5      | Noticed Pikel
  3967 | D:5      | Noticed Eustachio
  4017 | D:5      | Killed Eustachio
  4017 | D:5      | Reached skill level 5 in Polearms
  4120 | D:6      | Reached XP level 8. HP: 35/75 MP: 7/7
  4140 | D:6      | Found a glowing golden altar of the Shining One.
  4155 | D:6      | HP: 1/75 [scorpion (9)]
  4290 | D:6      | Found a staircase to the Ecumenical Temple.
  4326 | Temple   | Entered the Ecumenical Temple
  4486 | Temple   | Became a worshipper of the Wu Jian Council
  4735 | D:6      | Reached skill level 5 in Shields
  4745 | D:6      | Found a shimmering altar of Xom.
  4767 | D:6      | Reached skill level 1 in Stealth
  4861 | D:6      | Reached skill level 5 in Dodging
  4951 | D:5      | HP: 2/78 [orc wizard/+0 dagger (5)]
  4957 | D:5      | HP: 3/78 [gnoll shaman/+0 club (7)]
  4959 | D:5      | Slain by a gnoll shaman

Skill      XL: |  1  2  3  4  5  6  7  8 |
---------------+-------------------------+-----
Polearms       | 2 3 4 5 |  5.9
Shields        | 3 4 5 |  5.2
Dodging        | 3 4 5 |  5.1
Fighting       | 3 |  3.8
Stealth        | 1 |  1.0

Action                   |  1- 3 |  4- 6 |  7- 9 || total
-------------------------+-------+-------+-------++-------
Melee: Trident           |   131 |   228 |   294 ||   653
Invok: Lunge             |       |       |     5 ||     5
  Use: Potion            |     1 |     6 |     5 ||    12
       Scroll            |       |     7 |     4 ||    11
 Stab: Sleeping          |       |       |     2 ||     2
       Distracted        |       |       |     1 ||     1
  Eat: Chunk             |    10 |    23 |    12 ||    45
       Ration            |     1 |       |       ||     1
Armor: Robe              |    52 |    48 |       ||   100
       Skin              |       |    32 |       ||    32
       Animal skin       |       |    31 |   102 ||   133
Dodge: Dodged            |    62 |    78 |   129 ||   269
Block: Shield            |    68 |   153 |   177 ||   398
